 Dungeon Crawl Stone Soup version 0.29.0-4-gdea44cf6ec (webtiles) character file.

Game seed: 10599632096059647342

156 qw the Chopper (level 5, 0/30 HPs)
             Began as a Tengu Warper on Aug 28, 2022.
             Slain by an orc wizard
             ... wielding a +0 dagger
              (1 damage)
             ... on level 3 of the Dungeon.
             The game lasted 00:00:13 (2635 turns).

qw the Chopper (Tengu Warper)                       Turns: 2635, Time: 00:00:13

Health: 0/30       AC: 10    Str: 13    XL:     5   Next: 38%
Magic:  9/9        EV:  4    Int: 14    God:
Gold:   144        SH:  0    Dex: 13    Spells: 8/8 levels left

rFire   . . .      SeeInvis .   Y - +0 hand axe
rCold   . . .      Faith    .   (no shield)
rNeg    . . .      Spirit   .   m - +0 plate armour
rPois   +          Reflect  .   (helmet restricted)
rElec   .          Harm     .   (no cloak)
rCorr   .          Rampage  .   (no gloves)
Will    .....                   (boots unavailable)
Stlth   ..........              (no amulet)
HPRegen 0.10/turn               g - ring of poison resistance
MPRegen 0.11/turn               (no ring)

@: flying quickly and evasively, quick
A: beak, talons 3, nimble flight
a: no special abilities


You were on level 3 of the Dungeon.
You visited 1 branch of the dungeon, and saw 3 of its levels.

You collected 144 gold pieces.


Innate Abilities, Weirdness & Mutations

You have a beak for a mouth.
You have claws for feet.
Your magical nature lets you fly swiftly and evasively.


   Skills:
 - Level 2.0 Fighting
 + Level 5.6 Axes
 - Level 1.0 Throwing
 - Level 2.1 Armour
 - Level 2.1 Dodging
 - Level 2.0 Spellcasting
 - Level 2.4 Translocations


You had 8 spell levels left.
You didn't know any spells.
Your spell library contained the following spells:

 Spells                   Type           Power      Damage    Failure   Level
 Blink                    Tloc           16%        N/A       100%        2
 Gell's Gravitas          Tloc           8%         N/A       100%        3
 Lesser Beckoning         Tloc           8%         N/A       100%        3
 Teleport Other           Tloc           8%         N/A       100%        3
 Manifold Assault         Tloc           8%         N/A       100%        5

Inventory:

Hand Weapons
 c - a +0 whip
 Y - a +0 hand axe (weapon)
Armour
 m - a +0 plate armour (worn)
Jewellery
 a - an amulet of magic regeneration
 g - a ring of poison resistance (left hand)
Scrolls
 i - a scroll of identify
Potions
 d - a potion of cancellation
 e - a potion of lignification {unknown}
 f - a potion of attraction {unknown}
 j - a potion of heal wounds {unknown}
 k - a potion of brilliance {unknown}
 l - 2 potions of curing

Dungeon Overview and Level Annotations

Branches:
Dungeon (3/15)

Altars:
Elyvilon


Message History

You hit something.
Reactivating autopickup.
You feel a bit more experienced.
You hit the orc.
The orc is lightly wounded.
The orc hits you but does no damage.
You hit the orc. You peck the orc.
The orc is almost dead.
The orc hits you with a +0 short sword.
You barely miss the orc.
The orc is almost dead.
The orc completely misses you.
You hit the orc.
You kill the orc!
The goblin shoots a sling bullet.
The sling bullet hits you.
The goblin unwields a +0 sling.
The goblin wields a +0 dagger.
The goblin hits you but does no damage.
Items here: %% )) [[.
You completely miss the goblin. You claw the goblin.
You kill the goblin!
You hit the goblin.
You kill the goblin!
A goblin comes into view. It is wielding a +0 dagger.
You barely miss the hobgoblin. Your kick misses the hobgoblin.
The hobgoblin completely misses you.
You hit the hobgoblin. You claw the hobgoblin.
You kill the hobgoblin!
You hit the orc wizard.
The orc wizard is heavily wounded.
The orc wizard gestures at you while chanting.
The magic dart hits you.
You hit the orc wizard. Your kick misses the orc wizard.
The orc wizard is severely wounded.
The orc wizard hits you with a +0 dagger.
You barely miss the orc wizard.
You claw the orc wizard, but do no damage.
The orc wizard is severely wounded.
A goblin comes into view. It is wielding a +0 club.
The orc wizard hits you with a +0 dagger.
You die...

### .## .. ..g . ..
### #...### .g
###.#...#.#.. #o
###...##.......
#g###......#..#..#.
#o#...####.##......
#)@.##......#.....#
##.......##.##..#..
#.....#.....#.)#..
##.#.....#..##...#
#..#..###.....###
##..###...#####
#..#...### ##...###
#.###


You could see an orc wizard, an orc, a hobgoblin and 2 goblins.

Vanquished Creatures
  A hound (D:2)
  An orc wizard (D:3)
  Robin (D:3)
  A gnoll (D:1)
  5 adders
  2 orcs (D:3)
  6 bats
  3 endoplasms (D:1)
  2 giant cockroaches (D:2)
  6 goblins
  3 hobgoblins
  2 jackals (D:1)
  7 kobolds
  7 ball pythons
  A rat (D:3)
48 creatures vanquished.

Notes
Turn   | Place    | Note
-------+----------+-------------------------------------------
     0 | D:1      | qw the Tengu Warper began the quest for the Orb.
     0 | D:1      | Reached XP level 1. HP: 12/12 MP: 4/4
     0 | D:1      | 0 ||| qw: Version: 0.1-a-89-g26bdef1
     0 | D:1      | 0 ||| qw: Game counter: 1171
     0 | D:1      | 0 ||| qw: Always use a shield: true
     0 | D:1      | 0 ||| qw: God list: Okawaru
     0 | D:1      | 0 ||| qw: Allow faded altars: false
     0 | D:1      | 0 ||| qw: Do Orc after D:15 true
     0 | D:1      | 0 ||| qw: Do second Lair branch before Depths: true
     0 | D:1      | 0 ||| qw: Lair rune preference: random
     0 | D:1      | 0 ||| qw: Plans: Normal
     0 | D:1      | 0 ||| PLANNING D:1-11
    35 | D:1      | Reached skill level 3 in Axes
    35 | D:1      | Reached XP level 2. HP: 9/17 MP: 6/6
   214 | D:1      | 214 ||| Stepping ~*~*~tactically~*~*~ (stealth).
   601 | D:1      | Found a faded altar of an unknown god.
   693 | D:1      | Reached XP level 3. HP: 20/21 MP: 7/7
   849 | D:1      | 849 ||| READING scroll labelled SUOCVA JETEHET.
   850 | D:1      | 850 ||| READING scroll labelled LOIPNI IFINNE.
   851 | D:1      | 851 ||| READING scroll labelled PUOLIO YLUPNUE.
   852 | D:1      | 852 ||| READING scroll labelled ETAUXZUOQU.
   853 | D:1      | 853 ||| DRINKING 2 smoky green potions.
   854 | D:1      | 854 ||| DROPPING scroll of blinking.
   855 | D:1      | 855 ||| Stepping randomly (stuck).
   856 | D:1      | 856 ||| Stepping ~*~*~tactically~*~*~ (cloud).
   857 | D:1      | 857 ||| DRINKING potion of curing.
   857 | D:1      | 857 ||| (to cure poison)
  1095 | D:2      | 1095 ||| DROPPING +0 club.
  1155 | D:2      | Reached skill level 4 in Axes
  1409 | D:2      | 1409 ||| Stepping ~*~*~tactically~*~*~ (stealth).
  1415 | D:2      | 1415 ||| Stepping ~*~*~tactically~*~*~ (stealth).
  1419 | D:2      | 1419 ||| Stepping ~*~*~tactically~*~*~ (stealth).
  1422 | D:2      | 1422 ||| Stepping ~*~*~tactically~*~*~ (hiding).
  1570 | D:2      | Reached XP level 4. HP: 22/26 MP: 8/8
  1792 | D:2      | Found a white marble altar of Elyvilon.
  1817 | D:2      | Reached skill level 5 in Axes
  2299 | D:2      | 2299 ||| UPGRADING to +0 ring mail.
  2309 | D:2      | 2309 ||| DROPPING +0 leather armour.
  2310 | D:2      | 2310 ||| UPGRADING to +0 plate armour.
  2320 | D:2      | 2320 ||| DROPPING +0 ring mail.
  2321 | D:2      | 2321 ||| UPGRADING to ring of poison resistance.
  2322 | D:2      | 2322 ||| READING scroll labelled IJUDIMEIMI.
  2323 | D:2      | 2323 ||| READING 2 scrolls of identify.
  2323 | D:2      | 2323 ||| IDENTIFYING lumpy green potion
  2489 | D:3      | Gained mutation: Your magical nature lets you fly swiftly
                  | and evasively. [Tengu growth]
  2489 | D:3      | Reached XP level 5. HP: 30/30 MP: 9/9
  2599 | D:3      | Noticed Robin
  2600 | D:3      | 2600 ||| Stepping ~*~*~tactically~*~*~ (hiding).
  2611 | D:3      | Killed Robin
  2620 | D:3      | 2620 ||| Stepping ~*~*~tactically~*~*~ (hiding).
  2626 | D:3      | HP: 7/30 [orc/+0 short sword (2)]
  2633 | D:3      | HP: 4/30 [orc wizard/magic dart (2)]
  2634 | D:3      | HP: 1/30 [orc wizard/+0 dagger (3)]
  2635 | D:3      | Slain by an orc wizard

Levels and vault maps discovered:
D:1:      minmay_arrival_four_circles, layout_loops_cross,
          basic_ecumenical_altar, grunt_decor_resistance
D:2:      layout_loops_ring, basic_altar
D:3:      minmay_skewed_foursquare, layout_basic, uniq_robin, uniq_natasha,
          uniq_terence, uniq_sigmund

Skill      XL: |  1  2  3  4  5 |
---------------+----------------+-----
Axes           | 3 4 5 |  5.6
Armour         | 2 |  2.1
Fighting       | |  2.0
Throwing       | |  1.0
Dodging        | |  2.1
Spellcasting   | |  2.0
Translocations | |  2.4

Action                   |  1- 3 |  4- 6 || total
-------------------------+-------+-------++-------
Melee: Hand axe          |    72 |    65 ||   137
       Peck              |    13 |     9 ||    22
       Kick              |    16 |    12 ||    28
Throw: Boomerang         |     7 |       ||     7
  Use: Scroll            |     4 |     2 ||     6
       Potion            |     2 |       ||     2
Armor: Leather armour    |    19 |     2 ||    21
       Plate armour      |       |    23 ||    23
Dodge: Dodged            |    36 |    23 ||    59

Table legend:
 A = Non-vault XP
 B = Vault XP
 C = Vault XP percentage of total XP
 D = Non-vault monster count
 E = Vault monster count
 F = Vault count percentage of total count
                 A         B        C        D         E       F
            +---------+---------+-------+---------+---------+-------
      Total |     194 |      30 |  13.4 |      40 |       8 |  16.7
            +---------+---------+-------+---------+---------+-------
        D:1 |      36 |       0 |   0.0 |      14 |       0 |   0.0
        D:2 |     124 |       0 |   0.0 |      21 |       0 |   0.0
        D:3 |      34 |      30 |  46.9 |       5 |       8 |  61.5
            +---------+---------+-------+---------+---------+-------
